 Dungeon Crawl Stone Soup version 0.31-a0-325-g067879e3d3 (webtiles) character file.

Game seed: 8439447985897252879

148 Dittersdorf the Trooper (level 5, -2/33 HPs)
             Began as a Gargoyle Fighter on July 18, 2023.
             Constricted to death by Ijyb (8 damage)
             ... on level 3 of the Dungeon.
             The game lasted 00:01:53 (1370 turns).

Dittersdorf the Trooper (Gargoyle Fighter)          Turns: 1370, Time: 00:01:54

Health: -2/33      AC: 11    Str: 21    XL:     5   Next: 30%
Magic:  5/5        EV:  6    Int:  9    God:
Gold:   74         SH:  4    Dex:  9    Spells: 4/4 levels left

rFire   . . .        a - +0 flail
rCold   . . .        c - +0 buckler
rNeg    + . .        b - +0 scale mail
rPois   ∞            (no helmet)
rElec   +            (no cloak)
rCorr   .            (no gloves)
SInv    .            (no boots)
Will    .....        (no amulet) Stlth
                     (no ring)
HPRegen 0.25/turn    (no ring)
MPRegen 0.09/turn

%: no passive effects
@: grasped by roots, constricted
A: sickness immunity, AC +4, negative energy resistance 1, electricity
resistance, torment resistance 1, petrification resistance
a: no special abilities


You were on level 3 of the Dungeon.
You visited 1 branch of the dungeon, and saw 3 of its levels.

You collected 74 gold pieces.

Inventory:

Hand Weapons
 a - a +0 flail (weapon)
Missiles
 e - 5 poisoned darts
Armour
 b - a +0 scale mail (worn)
 c - a +0 buckler (worn)
Scrolls
 f - 2 scrolls of enchant weapon {unknown}
 h - 4 scrolls of identify {unknown}
 i - 3 scrolls of enchant armour {unknown}
 j - a scroll of revelation {unknown}
 l - a scroll of teleportation {unknown}
 m - 2 scrolls of fear {unknown}
Potions
 d - a potion of might
 g - 2 potions of curing {unknown}
 k - a potion of degeneration {unknown}
 n - a potion of haste {unknown}
 o - a potion of cancellation {unknown}
 p - 2 potions of attraction {unknown}


   Skills:
 + Level 4.3 Fighting
 + Level 3.1 Maces & Flails
 + Level 4.2 Armour
 + Level 4.2 Shields


You had 4 spell levels left.
You didn't know any spells.
Your spell library was empty.

Dungeon Overview and Level Annotations

Branches:
Dungeon (3/15)

Altars:
Fedhas

Annotations:
D:3 Ijyb


Innate Abilities, Weirdness & Mutations

You are immune to sickness and miasma.
Your stone body is resilient. (AC +4)
You are immune to poison.
You resist negative energy. (rN+)
You are resistant to electric shocks. (rElec)
You are resistant to unholy torment.
You are immune to petrification.


Message History

You are too injured to fight recklessly!
You are too injured to fight recklessly!
You are too injured to fight recklessly!
You are too injured to fight recklessly!
You are too injured to fight recklessly!
You are too injured to fight recklessly!
You are too injured to fight recklessly!
You are too injured to fight recklessly!
You are too injured to fight recklessly!
You are too injured to fight recklessly!
You are too injured to fight recklessly!
You are too injured to fight recklessly!
You are too injured to fight recklessly!
You are too injured to fight recklessly!
You are too injured to fight recklessly!
You are too injured to fight recklessly!
You are too injured to fight recklessly!
You are too injured to fight recklessly!
You are too injured to fight recklessly!
You closely miss Ijyb.
Ijyb is heavily wounded.
Ijyb barely misses you.
You closely miss Ijyb.
Ijyb is heavily wounded.
Ijyb barely misses you.
You hit Ijyb.
Ijyb is severely wounded.
A ball python comes into view.
Ijyb zaps a wand.
The roots erupt in riotous growth!
The grasping roots grab you!
Ijyb is unaffected.
The grasping roots constrict you.
* * * LOW HITPOINT WARNING * * *
The ball python moves out of view.
You miss Ijyb.
Ijyb is severely wounded.
Ijyb hits you but does no damage. The grasping roots constrict you.
You completely miss Ijyb.
Ijyb is severely wounded.
You block Ijyb's attack. The grasping roots constrict you!
You die...

##..# ##.......##
##.....# ##.#
##.....## ##(..## #.#
##...## ##..#. #.#
##+###### #.#.# #.#
#.. ...# #.### ..#
#.####.######.# #####
##.##..........#
......#.......########
#.g@....### #.#...#.#
# ##.##.# #......
.......#. ###..####.#
#..# # #..#


You could see Ijyb.

Vanquished Creatures
  A howler monkey (D:2)
  A gnoll (D:1)
  4 adders
  2 worms
  A dart slug (D:2)
  2 endoplasms (D:1)
  6 giant cockroaches
  4 goblins
  3 hobgoblins
  7 jackals
  5 quokkas
  5 ball pythons
  9 bats
  2 frilled lizards (D:1)
  A kobold (D:3)
  4 rats
57 creatures vanquished.

Notes
Turn   | Place    | Note
-------+----------+-------------------------------------------
     0 | D:1      | Dittersdorf the Gargoyle Fighter began the quest for the
                  | Orb.
     0 | D:1      | Reached XP level 1. HP: 14/14 MP: 1/1
    45 | D:1      | Reached XP level 2. HP: 13/19 MP: 2/2
   234 | D:1      | Reached XP level 3. HP: 23/24 MP: 3/3
   609 | D:2      | Reached XP level 4. HP: 27/29 MP: 4/4
   812 | D:2      | Found a blossoming altar of Fedhas.
   936 | D:2      | Reached XP level 5. HP: 30/33 MP: 5/5
  1358 | D:3      | Noticed Ijyb
  1370 | D:3      | Constricted to death by Ijyb

Illustrated notes

Levels and vault maps discovered:
D:1:      doesnt_arrival_eight_statues, layout_rooms
D:2:      layout_loops_ring, basic_altar, minmay_misc_feat_secret_circle
D:3:      layout_loops_corners, uniq_ijyb

Skill      XL: |  1  2  3  4 |
---------------+-------------+-----
Fighting       | 4 |  4.3
Armour         | 4 |  4.2
Shields        | 4 |  4.2
Maces & Flails | 3 |  3.1

Action                     |  1- 3 |  4- 6 || total
---------------------------+-------+-------++-------
  Melee: Flail             |   113 |    97 ||   210
 Armour: Scale mail        |    68 |    86 ||   154
  Dodge: Dodged            |    53 |    56 ||   109
  Block: Buckler           |    21 |    30 ||    51

Table legend: (Time is in decaauts)
 A = Elapsed time spent in this place.
 B = Non-inter-level travel time spent in this place.
 C = Inter-level travel time spent in this place.
 D = Time resting spent in this place.
 E = Time spent auto-exploring this place.
 F = Levels seen in this place.
 G = Mean time per level.
                   A        B        C        D        E       F      G
               +--------+--------+--------+--------+--------+-----+--------+
         Total |   1431 |   1369 |     62 |      0 |    956 |   3 |  477.0 |
       Dungeon |   1431 |   1369 |     62 |      0 |    956 |   3 |  477.0 |
               +--------+--------+--------+--------+--------+-----+--------+

Top non-repeatable levels by time:
     D:2: 816 daAuts
     D:1: 475 daAuts
     D:3: 139 daAuts
